 Dungeon Crawl Stone Soup version 0.28-a0-723-g095bd1b44f (webtiles) character file.

Game seed: 237761904744980243

4248 Wurstbude the Slinger (level 10, -6/79 HPs)
             Began as a Demonspawn Berserker on Aug 28, 2020.
             Was an Elder of Trog.
             Mangled by an eight-headed hydra (11 damage)
             ... on level 8 of the Dungeon on Oct 26, 2021.
             The game lasted 00:35:50 (8725 turns).

Wurstbude the Slinger (Demonspawn Berserker)        Turns: 8725, Time: 00:35:50

Health: -6/79      AC:  9    Str: 19    XL:     10   Next: 9%
Magic:  10/10      EV: 12    Int: 14    God:    Trog [****..]
Gold:   191        SH:  0    Dex: 15    Spells: 9/9 levels left

rFire   + . .      SeeInvis +   b - +7 mace "Sumoq" {vorpal, +Blink rElec}
rCold   . . .      Faith    .   (no shield)
rNeg    . . .      Spirit   .   z - +1 leather armour {rF+}
rPois   .          Reflect  .   w - +1 hat
rElec   +          Harm     .   (no cloak)
rCorr   .          Rampage  .   n - +1 pair of gloves
Will    .....                   A - +0 pair of boots
Stlth   ++........              (no amulet)
HPRegen 0.23/turn               i - +6 ring of intelligence
MPRegen 0.12/turn               e - ring of see invisible

@: hasted, very quick
A: horns 2, foul stench 1, spiny 2, miasma immunity, sharp scales 1
a: Renounce Religion, Evoke Blink, Berserk, Trog's Hand, Brothers in Arms


You were on level 8 of the Dungeon.
You worshipped Trog.
Trog was greatly pleased with you.
You visited 1 branch of the dungeon, and saw 8 of its levels.

You collected 399 gold pieces.
You spent 208 gold pieces at shops.

Inventory:

Hand Weapons
 b - the +7 mace "Sumoq" (weapon) {vorpal, +Blink rElec}
   (You bought it in a shop on level 6 of the Dungeon)

   It inflicts extra damage upon your enemies.
   rElec:     It insulates you from electricity.
   +Blink:    It lets you blink.
 d - a +0 short sword of electrocution
 s - a +4 hunting sling of freezing
 y - a +1 antimagic rapier
 E - a +4 quarterstaff of chaos
Missiles
 g - 26 poisoned darts (quivered)
 o - 39 sling bullets
 t - 91 stones
Armour
 n - a +1 pair of gloves (worn)
 w - a +1 hat (worn)
 z - a +1 leather armour of fire resistance (worn)
 A - a +0 pair of boots (worn)
Jewellery
 e - a ring of see invisible (right hand)
 i - a +6 ring of intelligence (left hand)
 l - a +6 ring of intelligence
Wands
 q - a wand of polymorph (6)
 B - a wand of paralysis (7)
 C - a wand of iceblast (6)
Scrolls
 c - 4 scrolls of removedness
 f - 4 scrolls of identify
 h - 4 scrolls of fog {unknown}
 j - a scroll of vulnerability {unknown}
 k - 4 scrolls of teleportation
 m - a scroll of blinking {unknown}
 r - a scroll of summoning {unknown}
Potions
 a - 2 potions of cancellation {unknown}
 p - a potion of haste
 u - a potion of lignification {unknown}
 v - 2 potions of flight
 x - a potion of curing
 D - a potion of berserk rage {unknown}


   Skills:
 + Level 7.0 Fighting
 + Level 3.4(3.5) Axes
 + Level 0.6(2.2) Maces & Flails
 + Level 10.9 Slings
 + Level 3.1 Armour
 + Level 3.2 Dodging
 + Level 2.2 Stealth


You had 9 spell levels left.
You didn't know any spells.
Your spell library was empty.

Dungeon Overview and Level Annotations

Branches:
Dungeon (8/15)             Temple (0/1) D:4
   Lair: D:8-11

Altars:
Elyvilon
Fedhas
Kikubaaqudgha
Makhleb
Ru
Sif Muna
Trog
Uskayaw
Vehumet
Zin
The Shining One

Shops:
D:2 *   D:3 :   D:6 (   D:7 [


Innate Abilities, Weirdness & Mutations

You have a pair of horns on your head.
You may rarely emit foul miasma when damaged in melee.
You are mostly covered in sharp spines.
You are immune to miasma.
You are partially covered in razor-sharp scales. (AC +1, Slay +1)


Message History

Your +4 hunting sling of freezing stops glowing.
b - the +7 mace "Sumoq" (weapon)
{vorpal, +Blink rElec} You barely miss the eight-headed hydra.
You headbutt the eight-headed hydra!
The eight-headed hydra is moderately wounded.
The eight-headed hydra is struck by your spines.
The eight-headed hydra closely misses you.
The eight-headed hydra misses you.
The eight-headed hydra barely misses you. x2
The eight-headed hydra closely misses you.
The eight-headed hydra bites you. The eight-headed hydra misses you.
The eight-headed hydra bites you!
You barely miss the eight-headed hydra.
Your headbutt misses the eight-headed hydra.
The eight-headed hydra is moderately wounded.
The eight-headed hydra is struck by your spines.
The eight-headed hydra bites you! The eight-headed hydra bites you. x2
The eight-headed hydra bites you! x2
The eight-headed hydra bites you but does no damage.
The eight-headed hydra closely misses you.
The eight-headed hydra bites you!
The eight-headed hydra is struck by your spines.
The eight-headed hydra barely misses you. x2
The eight-headed hydra bites you but does no damage.
The eight-headed hydra bites you!
* * * LOW HITPOINT WARNING * * *
The eight-headed hydra bites you!
* * * LOW HITPOINT WARNING * * *
The eight-headed hydra closely misses you.
The eight-headed hydra barely misses you.
The eight-headed hydra bites you but does no damage.
A kobold comes into view. It is wielding a +0 dagger.
Things that are here:
a +0 club; a curare-tipped dart You see here a +0 dagger.
You feel yourself speed up.
The eight-headed hydra is struck by your spines.
The eight-headed hydra bites you.
* * * LOW HITPOINT WARNING * * *
You emit a cloud of foul miasma!
The eight-headed hydra bites you!
You die...

###.# #.#
#.# #.##
#..# ##.#
#.# #.#
#@# #D#
#)# # #)#
#.# #.#
?..# #.#
..$..
#(#......
#((.(..?.
#.....!..


You could see an eight-headed hydra.

Vanquished Creatures
  Joseph (D:7)
  A shadow (D:6)
  2 wyverns (D:8)
  Eustachio (D:4)
  6 yaks (D:6)
  Menkaure (D:7)
  Duvessa (D:7)
  2 water moccasins (D:6)
  2 ice beasts
  An ogre (D:6)
  A necrophage (D:4)
  2 centaurs
  2 phantoms (D:4)
  A kobold brigand (D:8)
  A bullfrog (D:7)
  2 wyvern zombies
  A scorpion (D:4)
  Dowan (D:7)
  A water moccasin skeleton (D:5)
  4 wights (D:7)
  2 bullfrog zombies
  2 bullfrog skeletons
  6 hounds (D:5)
  Crazy Yiuf (D:7)
  2 orc priests
  2 centaur skeletons
  3 iguanas
  A scorpion zombie (D:5)
  An orc wizard (D:5)
  A killer bee zombie (D:7)
  Robin (D:4)
  A howler monkey skeleton (D:6)
  5 adders
  A white imp (D:5)
  29 orcs
  2 endoplasms
  2 ghosts (D:2)
  6 giant cockroaches
  18 goblins
  11 hobgoblins
  3 jackals (D:3)
  4 ball pythons
  4 bats
  9 kobolds
  9 rats
160 creatures vanquished.

Vanquished Creatures (others)
  2 plants
2 creatures vanquished.

Grand Total: 162 creatures vanquished

Notes
Turn   | Place    | Note
-------+----------+-------------------------------------------
     0 | D:1      | Wurstbude the Demonspawn Berserker began the quest for the
                  | Orb.
     0 | D:1      | Reached XP level 1. HP: 18/18 MP: 1/1
   299 | D:1      | Gained mutation: You have a pair of small horns on your
                  | head. [demonic ancestry]
   299 | D:1      | Reached XP level 2. HP: 24/24 MP: 2/2
  1134 | D:2      | Upgraded the game from 0.26-a0-598-g61e6210cf4 to
                  | 0.28-a0-723-g095bd1b44f
  1463 | D:2      | Reached XP level 3. HP: 13/29 MP: 3/3
  1463 | D:2      | Found Zin's Purification Station.
  2230 | D:2      | Found a sacrificial altar of Ru.
  2287 | D:2      | Reached ** piety under Trog
  2586 | D:3      | Reached skill level 1 in Slings
  2732 | D:3      | Reached XP level 4. HP: 35/35 MP: 4/4
  2768 | D:3      | Reached skill level 2 in Slings
  3031 | D:3      | Found an ancient bone altar of Kikubaaqudgha.
  3266 | D:3      | Found Jougratu's Book Boutique.
  3472 | D:3      | Found a bloodstained altar of Trog.
  3638 | D:3      | Gained mutation: You are partially covered in sharp spines.
                  | [demonic ancestry]
  3638 | D:3      | Reached XP level 5. HP: 41/41 MP: 5/5
  3815 | D:4      | Noticed a phantom
  3825 | D:4      | Killed a phantom
  3826 | D:4      | Reached skill level 3 in Slings
  3935 | D:4      | Noticed a necrophage
  3945 | D:4      | Killed a necrophage
  3946 | D:4      | Reached skill level 4 in Slings
  3946 | D:4      | Gained mutation: You are mostly covered in sharp spines.
                  | [demonic ancestry]
  3946 | D:4      | Reached XP level 6. HP: 46/48 MP: 6/6
  4000 | D:4      | Noticed Robin
  4007 | D:4      | Reached *** piety under Trog
  4008 | D:4      | Killed Robin
  4202 | D:4      | Found a staircase to the Ecumenical Temple.
  4228 | D:4      | Reached skill level 5 in Slings
  4232 | D:4      | Gained mutation: You are partially covered in razor-sharp
                  | scales. (AC +1, Slay +1) [demonic ancestry]
  4232 | D:4      | Reached XP level 7. HP: 7/54 MP: 7/7
  4758 | D:4      | Noticed Eustachio
  4771 | D:4      | Killed Eustachio
  5066 | D:5      | Entered Level 5 of the Dungeon
  5138 | D:5      | Reached skill level 6 in Slings
  5215 | D:5      | Reached skill level 1 in Stealth
  5476 | D:5      | Reached skill level 7 in Slings
  5476 | D:5      | Gained mutation: You are immune to miasma. [demonic
                  | ancestry]
  5476 | D:5      | Reached XP level 8. HP: 61/61 MP: 8/8
  5497 | D:5      | Found a burning altar of Makhleb.
  5497 | D:5      | Found a hide-covered altar of Uskayaw.
  5836 | D:6      | Reached skill level 8 in Slings
  5876 | D:6      | Found a shimmering blue altar of Sif Muna.
  5887 | D:6      | Reached **** piety under Trog
  5893 | D:6      | Found a radiant altar of Vehumet.
  5893 | D:6      | Found a blossoming altar of Fedhas.
  5919 | D:6      | Found Gaipris's Antique Weapon Boutique.
  5976 | D:6      | Bought a smoking mace for 208 gold pieces
  5976 | D:6      | Identified the +7 mace "Sumoq" {vorpal, +Blink rElec} (You
                  | bought it in a shop on level 6 of the Dungeon)
  6082 | D:6      | Reached skill level 5 in Fighting
  6129 | D:6      | Reached skill level 9 in Slings
  6129 | D:6      | Gained mutation: You may rarely emit foul miasma when
                  | damaged in melee. [demonic ancestry]
  6129 | D:6      | Reached XP level 9. HP: 45/68 MP: 9/9
  7068 | D:7      | Noticed Joseph
  7068 | D:7      | Found Tyzoikk's Armour Shop.
  7082 | D:6      | Reached skill level 10 in Slings
  7209 | D:7      | Killed Joseph
  7430 | D:7      | Noticed Dowan
  7433 | D:7      | Noticed Duvessa
  7541 | D:7      | Killed Duvessa
  7543 | D:7      | Killed Dowan
  7821 | D:7      | Noticed Menkaure
  7827 | D:7      | Killed Menkaure
  8253 | D:7      | Found a runed translucent door.
  8254 | D:7      | Noticed Crazy Yiuf
  8377 | D:7      | Killed Crazy Yiuf
  8434 | D:8      | Gained mutation: You have a pair of horns on your head.
                  | [demonic ancestry]
  8434 | D:8      | Reached XP level 10. HP: 77/77 MP: 10/10
  8694 | D:8      | Noticed an eight-headed hydra
  8725 | D:8      | Mangled by an eight-headed hydra

Illustrated notes

Levels and vault maps discovered:
D:1:      dpeg_arrival_tiny_d, layout_loops_ring, minmay_pentomino_r2
D:2:      layout_basic, nicolae_ru_the_path_less_chosen, zin_purify,
          minmay_cupped
D:3:      layout_loops_corners, mainiacjoe_overflow_boulevard,
          mainiacjoe_overflow_small_starburst, serial_shops, shop
D:4:      layout_gridville, minmay_temple_entry_gardened_gates,
          eino_tiny_chamber, amcnicky_mini_pool_small,
          chequers_serial_rivers_micro_d, uniq_robin, uniq_eustachio
D:5:      layout_gridville, lemuel_round_altar,
          chequers_temple_overflow_statue_of_worship
D:6:      layout_basic, grunt_temple_overflow_open, serial_shops, shop
D:7:      layout_layer_cave, serial_shops, shop_statue, minmay_misc_feat_five,
          uniq_menkaure, uniq_crazy_yiuf_cottage, uniq_joseph, uniq_duvessa
D:8:      layout_loops_ring, led_xom_imps,
          nicolae_ossuary_entry_false_entrances, uniq_maggie, uniq_harold

Skill      XL: |  1  2  3  4  5  6  7  8  9 10 |
---------------+-------------------------------+-----
Axes           | 3 |  3.4
Dodging        | 2 3 |  3.2
Slings         | 1 2 4 5 7 9 10 | 10.9
Fighting       | 4 5 6 7 |  7.0
Stealth        | 1 2 |  2.2
Armour         | 2 3 |  3.1
Maces & Flails | |  0.6

Action                   |  1- 3 |  4- 6 |  7- 9 | 10-12 || total
-------------------------+-------+-------+-------+-------++-------
Melee: Hand axe          |    57 |       |       |       ||    57
       Headbutt          |     5 |       |     1 |     2 ||     8
       Mace              |       |       |     4 |     4 ||     8
 Fire: Hunting sling     |    53 |   147 |   270 |    20 ||   490
  Use: Potion            |       |     5 |     2 |     1 ||     8
       Scroll            |       |       |     7 |       ||     7
 Stab: Sleeping          |     1 |       |       |       ||     1
Armor: Animal skin       |    12 |    20 |       |       ||    32
       Leather armour    |       |       |    14 |     3 ||    17
Dodge: Dodged            |    45 |    33 |    43 |    16 ||   137

Table legend: (Time is in decaauts)
 A = Elapsed time spent in this place.
 B = Non-inter-level travel time spent in this place.
 C = Inter-level travel time spent in this place.
 D = Time resting spent in this place.
 E = Time spent auto-exploring this place.
 F = Levels seen in this place.
 G = Mean time per level.
                   A        B        C        D        E       F      G
               +--------+--------+--------+--------+--------+-----+--------+
         Total |   8669 |   8437 |    232 |   2228 |   4755 |   8 | 1083.6 |
       Dungeon |   8669 |   8437 |    232 |   2228 |   4755 |   8 | 1083.6 |
               +--------+--------+--------+--------+--------+-----+--------+

Top non-repeatable levels by time:
     D:2: 1773 daAuts
     D:6: 1472 daAuts
     D:4: 1319 daAuts
     D:3: 1187 daAuts
     D:7: 1126 daAuts
     D:1: 788 daAuts
     D:5: 702 daAuts
     D:8: 299 daAuts
